 Dungeon Crawl Stone Soup version 0.32-a0-918-g0f22ef8d61 (console) character file.

Game seed: 737542750189044495

515505 petzl the Devastator (level 26, -9/178 HPs)
             Began as a Formicid Delver on Apr 10, 2024.
             Was the Champion of Vehumet.
             Mangled by a rockslime (37 damage)
             ... on level 3 of the Pits of Slime on Apr 13, 2024.
             The game lasted 08:26:04 (94313 turns).

petzl the Devastator (Formicid Delver)             Turns: 94313, Time: 08:26:04

Health: -9/178     AC: 12    Str: 18    XL:     26   Next: 45%
Magic:  17/49      EV: 15    Int: 23    God:    Vehumet [******]
Gold:   2909       SH: 23    Dex: 15    Spells: 16/60 levels left

rFire   + + +        U - +4 arbalest {heavy, ^Fragile rElec rF+ rN+++}
rCold   + + .        J - +5 kite shield {rC+ rF+}
rNeg    + + +        H - +3 leather armour "Dyfun" {^Drain rF+ Int+3 Dex+2}
rPois   +            (helmet unavailable)
rElec   +            F - +2 cloak {Stlth+}
rCorr   .            v - +2 pair of gloves
SInv    +            x - +2 pair of boots {Fly}
Will    +++..        W - amulet of Kemaph {Reflect Int+3 SH+5}
Stlth   +++++        O - ring "Nythraonk" {rPois rC+ MP+9}
HPRegen 0.49/turn    P - ring of wizardry
MPRegen 0.31/turn

%: reflection, wizardry (x1)
@: flying, slightly contaminated, studying 2 skills, corroded
A: permanent stasis, dig shafts and tunnels, antennae 3, four strong arms,
iridescent scales 2, clumsy 1, deformed body, dopey 2, frail 1, low MP 1,
strong-willed 1, sense surroundings 1, persistent drain
}: 3/15 runes: serpentine, barnacled, slimy
a: Dig, Shaft Self, Renounce Religion


You were on level 3 of the Pits of Slime.
You worshipped Vehumet.
Vehumet was exalted by your worship.
You visited 12 branches of the dungeon, and saw 48 of its levels.
You also visited: Sewer, Bailey and Volcano.

You collected 6198 gold pieces.
You spent 3289 gold pieces at shops.

Inventory:

Hand Weapons
 a - the +11 quarterstaff "Paxur" {drain, Will++ rCorr Dex+2}
   (You took it off a deep elf death mage on level 3 of the Elven Halls)

   Dex+2:     It affects your dexterity (+2).
   Will++:    It greatly increases your willpower.
   rCorr:     It protects you from acid and corrosion.
 b - a +4 hand cannon of flaming
 e - the +8 whip "Snakebite" {venom, curare, rPois}
   (You found it on level 5 of the Pits of Slime)

   rPois:     It protects you from poison.
 h - the +6 morningstar of Shrieking Terror {heavy, rElec rPois Str-3 Int+2}
   (You found it on level 5 of the Pits of Slime)

   Str-3:     It affects your strength (-3).
   Int+2:     It affects your intelligence (+2).
   rElec:     It insulates you from electricity.
   rPois:     It protects you from poison.
 p - the +6 arbalest "Damnation" {damnation}
   (You found it on level 5 of the Pits of Slime)
 s - a +2 orcbow of electrocution
 T - a +0 eveningstar of protection
 U - the +4 arbalest of Luque (weapon) {heavy, ^Fragile rElec rF+ rN+++}
   (You bought it in a shop on level 2 of the Orcish Mines)

   rF+:       It protects you from fire.
   rElec:     It insulates you from electricity.
   rN+++:     It renders you almost immune to negative energy.
   ^Fragile:  It will be destroyed if unequipped.
Missiles
 i - 16 curare-tipped darts
 E - 7 throwing nets
Armour
 v - a +2 pair of gloves (worn)
 x - a +2 pair of boots of flying (worn)
 F - a +2 cloak of stealth (worn)
 H - the +3 leather armour "Dyfun" (worn) {^Drain rF+ Int+3 Dex+2}
   (You took it off a deep elf annihilator on level 3 of the Elven Halls)

   Int+3:     It affects your intelligence (+3).
   Dex+2:     It affects your dexterity (+2).
   rF+:       It protects you from fire.
   ^Drain:    It drains your maximum health when unequipped.
 J - a +5 kite shield of resistance (worn)
Magical Staves
 l - a staff of air
Jewellery
 k - the ring "Qupp" {rN++ Int+2 SInv}
   (You found it on level 3 of the Crypt)

   [ring of see invisible]

   Int+2:     It affects your intelligence (+2).
   rN++:      It greatly protects you from negative energy.
   SInv:      It lets you see invisible.
 m - the ring of Law {rElec rF+ rN++}
   (You found it on level 3 of the Crypt)

   [ring of protection from fire]

   rF+:       It protects you from fire.
   rElec:     It insulates you from electricity.
   rN++:      It greatly protects you from negative energy.
 N - the ring "Leup" {rF+ Will+ Dex+2}
   (You bought it in a shop on level 1 of the Snake Pit)

   [ring of protection from fire]

   Dex+2:     It affects your dexterity (+2).
   rF+:       It protects you from fire.
   Will+:     It increases your willpower.
 O - the ring "Nythraonk" (left hand) {rPois rC+ MP+9}
   (You took it off a deep elf sorcerer on level 3 of the Elven Halls)

   [ring of magical power]

   rC+:       It protects you from cold.
   rPois:     It protects you from poison.
   MP+9:      It affects your magic capacity (+9).
 P - a ring of wizardry (right hand)
 W - the amulet of Kemaph (around neck) {Reflect Int+3 SH+5}
   (You found it on level 1 of the Lair of Beasts)

   [amulet of reflection]

   Reflect:   It reflects blocked missile attacks.
   Int+3:     It affects your intelligence (+3).
   SH+5:      It affects your SH (+5).
Wands
 c - a wand of mindburst (12)
 f - a wand of digging (7)
 D - a wand of charming (67)
 I - a wand of acid (37)
 K - a wand of polymorph (28)
 L - a wand of warping (51)
Scrolls
 d - 2 scrolls of enchant weapon
 g - 9 scrolls of immolation
 j - 2 scrolls of silence
 o - 9 scrolls of fear
 t - 7 scrolls of butterflies
 C - a scroll of revelation
 M - 11 scrolls of poison
 S - 4 scrolls of fog
Potions
 n - a potion of ambrosia
 q - a potion of cancellation
 r - 10 potions of heal wounds
 u - 5 potions of curing
 w - 2 potions of magic
 z - 7 potions of might
 A - 4 potions of invisibility
 B - 4 potions of lignification
 G - 10 potions of brilliance
 X - 5 potions of enlightenment
 Z - 8 potions of resistance
Miscellaneous
 y - a lightning rod (4/4)


   Skills:
 - Level 14.0 Fighting
 - Level 3.0 Long Blades
 - Level 3.7(4.0) Axes
 - Level 2.0(3.1) Maces & Flails
 - Level 7.1 Ranged Weapons
 - Level 11.1 Armour
 - Level 10.2 Dodging
 - Level 9.0 Stealth
 - Level 15.0 Shields
 + Level 17.6 Spellcasting
 - Level 19.0 Conjurations
 - Level 8.0 Necromancy
 - Level 14.0 Translocations
 * Level 18.7 Fire Magic
 - Level 8.0 Ice Magic
 - Level 6.0 Air Magic
 - Level 6.0 Alchemy
 - Level 3.0 Evocations


You had 16 spell levels left.
You knew the following spells:

 Your Spells              Type           Power      Damage    Failure   Level
b - Iskenderun's Mystic   Conj/Tloc      77%        2d15      (+2d81%     4
c - Fireball              Conj/Fire      41%        3d17      1%          5
g - Passage of Golubria   Tloc           71%        N/A       1%          4
l - Freezing Cloud        Conj/Ice/Air   31%        6-21      1%          5
m - Fire Storm            Conj/Fire      41%        8d10      21%         9
o - Orb of Destruction    Conj           41%        9d11      1%          7
s - Sticky Flame          Fire/Alch      67%        2d11      1%          4
u - Sublimation of Blood  Necr           54%        N/A       1%          2
I - Ignite Poison         Fire/Alch      67%        N/A       1%          4

Your spell library contained the following spells:

 Spells                   Type           Power      Damage    Failure   Level
 Lehudib's Crystal Spear  Conj/Erth      29%        10d8      47%         8
 Chain Lightning          Conj/Air       33%        3d44      88%         9
 Apportation              Tloc           100%       N/A       0%          1
 Magic Dart               Conj           100%       1d8       0%          1
 Shock                    Conj/Air       100%       1d9       0%          1
 Lesser Beckoning         Tloc           100%       N/A       0%          2
 Momentum Strike          Conj/Tloc      100%       3d10      0%          2
 Volatile Blastmotes      Fire/Tloc      100%       2d18      0%          3
 Flame Wave               Conj/Fire      82%        2d18      0%          4
 Necrotise                Necr           100%       1d9       1%          1
 Cigotuvi's Dreadful Rot  Necr/Alch/Air  100%       N/A       1%          2
 Ensorcelled Hibernation  Hex/Ice        76%        N/A       1%          2
 Mercury Vapours          Alch/Air       94%        N/A       1%          2
 Fugue of the Fallen      Necr           54%        N/A       1%          3
 Hailstorm                Conj/Ice       70%        3d12      1%          3
 Inner Flame              Hex/Fire       59%        N/A       1%          3
 Mephitic Cloud           Conj/Alch/Air  61%        N/A       1%          3
 Teleport Other           Tloc           71%        N/A       1%          3
 Airstrike                Air            23%        2d(4-20)  1%          4
 Brom's Barrelling Bould  Conj/Erth      59%        2d7       1%          4
 Dimensional Bullseye     Hex/Tloc       25%        N/A       1%          4
 Dispel Undead            Necr           54%        3d20      1%          4
 Fulminant Prism          Conj/Alch      33%        3d16      1%          4
 Olgreb's Toxic Radiance  Alch           47%        N/A       1%          4
 Arcjolt                  Conj/Air       33%        1d43      1%          5
 Iskenderun's Battlesphe  Conj           82%        2d13      1%          5
 Bombard                  Conj/Erth      29%        9d5       1%          6
 Conjure Ball Lightning   Conj/Air       33%        3x3d11    1%          6
 Plasma Beam              Fire/Air       33%        2x1d46    1%          6
 Starburst                Conj/Fire      41%        6d12      1%          6
 Call Imp                 Summ           40%        N/A       3%          2
 Jinxbite                 Hex            40%        N/A       3%          2
 Summon Forest            Summ/Tloc      25%        N/A       3%          5
 Anguish                  Hex/Necr       19%        N/A       4%          4
 Martyr's Knell           Necr/Summ      38%        N/A       4%          4
 Alistair's Intoxication  Alch           31%        N/A       4%          5
 Yara's Violent Unravell  Hex/Alch       17%        3d8       4%          5
 Call Canine Familiar     Summ           20%        N/A       6%          3
 Passwall                 Erth           20%        N/A       6%          3
 Sigil of Binding         Hex            20%        N/A       6%          3
 Tukima's Dance           Hex            20%        N/A       6%          3
 Eringya's Noxious Bog    Alch           23%        4d6       7%          6
 Borgnjor's Vile Clutch   Necr/Erth      19%        N/A       11%         5
 Death Channel            Necr           27%        N/A       12%         6
 Ozocubu's Refrigeration  Ice            27%        4d13      14%         7
 Sculpt Simulacrum        Ice/Alch       25%        N/A       16%         6
 Cause Fear               Hex            10%        N/A       19%         4
 Summon Mana Viper        Hex/Summ       20%        N/A       45%         5
 Maxwell's Capacitive Co  Air            23%        ∞         87%         8
 Summon Cactus Giant      Summ           10%        N/A       95%         6
 Haunt                    Necr/Summ      19%        N/A       95%         7
 Infestation              Necr           27%        N/A       99%         8
 Polar Vortex             Ice            27%        12d3*     99%         9
 Enfeeble                 Hex            10%        N/A       100%        7
 Summon Hydra             Summ           10%        N/A       100%        7
 Discord                  Hex            10%        N/A       100%        8
 Dragon's Call            Summ           10%        N/A       100%        9
 Blink                    Tloc           Unusable   N/A       N/A         2
 Maxwell's Portable Pile  Tloc           Unusable   2d(12-34) N/A         3
 Swiftness                Air            Unusable   N/A       N/A         3
 Vhi's Electric Charge    Tloc/Air       Unusable   N/A       N/A         4

Dungeon Overview and Level Annotations

Branches:
Dungeon (15/15)            Temple (1/1) D:5            Lair (5/5) D:11
 Shoals (4/4) Lair:3        Snake (4/4) Lair:3        Slime (5/5) Lair:5
    Orc (2/2) D:12            Elf (3/3) Orc:2        Vaults (4/5) D:13
  Crypt (3/3) Vaults:2       Tomb (1/3) Crypt:3      Depths (1/4) D:15
  Sewer (visited)          Bailey (visited)         Volcano (visited)

Altars:
Ashenzari
Cheibriados
Dithmenos
Elyvilon
Fedhas
Gozag
Hepliaklqana
Kikubaaqudgha
Makhleb
Nemelex Xobeh
Okawaru
Qazlal
Ru
Sif Muna
Trog
Uskayaw
Vehumet
Wu Jian
Xom
Yredelemnul
Zin
The Shining One
Beogh

Shops:
D:4 *   D:13 [   Orc:2 *([*:   Elf:3 :   Shoals:2 *   Shoals:4 **   Snake:1 :==
Snake:4 *[!   Vaults:2 (   Vaults:3 *??(?

Annotations:
D:15 exclusion: downstairs
Shoals:2 !LOUISE, Louise; Polyphemus
Shoals:3 3 runed translucent doors, HilariousDeathArtist's ghost, adept MDIE
Shoals:4 3 runed translucent doors, exclusion: obsidian statue, Phlounder's ghost, adept DsCj
Snake:3 Bai Suzhen
Slime:2 exclusion: downstairs
Vaults:5 !L5


Innate Abilities, Weirdness & Mutations

You cannot be hasted, slowed, berserked, paralysed or teleported.
You can dig through walls and to a lower floor.
You have a pair of large antennae on your head. (SInv)
Your four strong arms can wield two-handed weapons with a shield.
You are mostly covered in iridescent scales. (AC +4)
You are clumsy. (Dex -2)
Armour fits poorly on your strangely shaped body.
You are very dopey. (Int -4)
You are frail. (-10% HP)
Your magical capacity is low. (-10% MP)
You are strong-willed. (Will+)
You passively map a small area around you.
Your health recovers twice as slowly from being drained.


Message History

Confirm with . or Enter, or press ? or * to list all spells.
You erupt in a blast of force!
The mystic blast hits the formless jellyfish!!
The formless jellyfish is almost dead.
The formless jellyfish is knocked back by the mystic blast.
The mystic blast hits the rockslime but does no damage.
The rockslime is heavily wounded.
You block the rockslime's attack.
Unknown command.
Unknown command.
Unknown command.
Casting: Iskenderun's Mystic Blast (safe; 1% risk of failure)
Confirm with . or Enter, or press ? or * to list all spells.
You erupt in a blast of force!
The mystic blast hits the rockslime!
The rockslime is heavily wounded.
The rockslime is knocked back by the mystic blast.
The formless jellyfish shimmers eerily.
The formless jellyfish blinks!
Casting: Iskenderun's Mystic Blast (safe; 1% risk of failure)
Confirm with . or Enter, or press ? or * to list all spells.
Aiming: Fire Storm (dangerous; 21% risk of failure)
Press: ? - help, Dir - move target, f - formless jellyfish
Aim: a formless jellyfish (almost dead) That beam is likely to hit you.
Continue anyway?
A raging storm of fire appears!
The great blast of fire engulfs the formless jellyfish!!!
You kill the formless jellyfish!
Vehumet accepts your kill.
You feel your power returning.
The great blast of fire engulfs the rockslime!
The rockslime partially resists.
The rockslime is severely wounded.
You block the rockslime's attack.
Casting: Fire Storm (dangerous; 21% risk of failure)
Confirm with . or Enter, or press ? or * to list all spells.
You erupt in a blast of force!
The mystic blast hits the rockslime!
The rockslime is almost dead.
The rockslime is engulfed in blazing flames.
The rockslime hits you!!!
You die...

###.#................#
#####.#.............
##....#............
##......#...........
#.................#.
#................###
###............#.##
##.......#......###
#.......###.#...#.##
##.##....####......##
####.<.###.#.......#
#. #....##.........##
## . ##..####.#.....##
*#.,. #### ####...##
...## ##.## # .#.##
### #..... #.#.## ## ,
#..@.# ###.## ..*
#...☼Jv###....###.##
#...☼○☼☼#......#...##
#...☼☼°○v.......#....
#...#v○v○☼.§......#...
##.#.○○v○○............
####.................
#......#..#........
..#.#.##...........# .
##...............#
##......>......#
#..............##
................#
.............#.# , *
...#...........# ,
......##........#
...............##
...............#
.......#.......#


You could see a rockslime and 5 friendly fire vortices.

Vanquished Creatures
  the Royal Jelly (Slime:5)
  An ancient lich (Crypt:2)
  Khufu (Crypt:2)
  Mennas (Crypt:3)
  Sojobo (Vaults:4)
  5 royal mummies
  Nikola (Shoals:4)
  A bone dragon (Crypt:3)
  2 profane servitors
  The ghost of Qoas the Severer, an adept GnCA of Ignis (Vaults:3)
  2 shard shrike zombies (Crypt:3)
  The ghost of Zuiczola the Eclecticist, an adept DrAl of Gozag (Vaults:2)
  Jorgrun (Elf:2)
  Zenata (Elf:1)
  2 liches
  A deep elf blademaster (Elf:3)
  9 sphinxes
  2 deep elf master archers (Elf:3)
  20 acid blobs
  3 ancient champions
  Donald (Vaults:1)
  Gastronok (D:8)
  2 tengu reavers (Vaults:4)
  Roxanne (Shoals:2)
  Aizul (Snake:2)
  10 nagarajas
  15 rockslimes
  11 azure jellies
  10 deep elf sorcerers (Elf:3)
  2 frost giants
  11 vault wardens
  6 deep elf elementalists
  18 ironbound preservers
  A caustic shrike zombie (Tomb:1)
  3 curse skulls
  13 ghouls
  An orc warlord (Orc:2)
  8 quicksilver oozes
  9 formless jellyfish
  11 ironbound thunderhulks
  2 stone giants
  A spectral titan (Crypt:1)
  A rockslime zombie (Crypt:2)
  2 vampire knights
  4 deep elf annihilators (Elf:3)
  7 deep elf demonologists
  Azrael (Snake:3)
  4 deep elf death magi
  A red draconian (Volcano)
  9 dire elephants
  12 eidola
  11 jiangshi
  10 mummy priests
  4 merfolk javelineers
  10 merfolk impalers
  A fire dragon (D:15)
  2 spectral spriggans (Crypt:1)
  A crystal guardian (Vaults:3)
  Harold (D:10)
  The ghost of D0namaru the Nimble, a journeyman DsNe of Kikubaaqudgha (D:12)
  2 ettins
  4 yaktaur captains
  5 entropy weavers
  5 deep elf high priests
  7 great orbs of eyes
  A fenstrider witch zombie (Crypt:3)
  6 hydras
  3 centaur warriors
  2 salamander tyrants (Snake:4)
  9 ironbound frosthearts
  A peacekeeper (Vaults:3)
  2 ice dragons (D:15)
  12 vault guards
  15 anacondas
  A catoblepas (D:14)
  A merfolk avatar (Shoals:2)
  6 two-headed ogres
  42 dancing weapons
  2 ogre magi
  5 merfolk aquamancers
  5 death knights
  3 satyrs
  4 boulder beetles
  5 death scarabs (Tomb:1)
  3 death yaks
  Erica (D:8)
  A spectral dire elephant (Crypt:1)
  5 orc high priests
  5 shock serpents
  2 tengu warriors
  4 vampire magi
  2 spectral nagas (Crypt:1)
  18 deep elf knights
  12 naga warriors
  13 naga sharpshooters
  A storm dragon zombie (Crypt:3)
  34 skeletal warriors
  A soul eater (Crypt:2)
  3 skysharks
  A storm dragon skeleton (Crypt:1)
  7 salamander mystics
  2 spectral bunyips (Crypt:1)
  2 spectral death yaks (Lair:5)
  13 sea snakes
  A glowing orange brain (Vaults:3)
  A spectral anaconda (Lair:5)
  A bunyip zombie (Crypt:3)
  A bog body (Crypt:2)
  A golden dragon zombie (Crypt:2)
  51 deep trolls
  11 mana vipers
  16 deep elf archers
  A kraken simulacrum (Shoals:4)
  6 flayed ghosts
  2 obsidian statues
  An anaconda zombie (Crypt:3)
  10 arcanists
  34 harpies
  3 lindwurms
  16 ironbound convokers
  9 naga ritualists
  4 necromancers (Lair:5)
  13 phantasmal warriors
  Pikel (D:8)
  5 orc knights
  21 deep elf pyromancers
  6 thermic dynamos
  2 wolf spiders (Crypt:3)
  30 deep elf zephyrmancers
  24 ugly things
  5 orc sorcerers
  A shadow dragon zombie (Crypt:3)
  8 fauns
  13 salamanders
  A spectral ettin (Crypt:1)
  10 shining eyes
  8 manticores
  5 merfolk sirens
  5 cyclopes
  3 oklob plants (D:11)
  A spectral centaur (Crypt:1)
  5 guardian serpents
  32 black mambas
  2 kobold blastminers (Orc:1)
  2 dire elephant zombies
  13 vault sentinels
  5 water nymphs
  Joseph (D:8)
  2 molten gargoyles (Volcano)
  An eye of devastation (Slime:5)
  2 torpor snails
  20 elephants (Lair:5)
  A dire elephant skeleton (Lair:5)
  An alligator snapping turtle zombie (Crypt:3)
  14 naga magi
  A centaur skeleton (Tomb:1)
  2 gargoyles
  12 cane toads
  5 rime drakes
  A cane toad (shapeshifter) (Elf:2)
  Maggie (D:10)
  4 unseen horrors
  An iron troll zombie (Crypt:2)
  8 freezing wraiths (Crypt:3)
  31 yaktaurs
  3 efreet
  7 komodo dragons
  21 guardian mummies
  A spectral demonspawn (Crypt:1)
  2 tengu conjurers
  A spectral two-headed ogre (Crypt:1)
  A grey draconian skeleton (Crypt:2)
  3 harpy zombies (Crypt:3)
  A queen bee (shapeshifter) (D:12)
  5 spectral harpies (Crypt:1)
  8 polar bears
  16 merfolk
  A tarantella (Vaults:4)
  5 glass eyes
  9 wind drakes
  26 blink frogs
  4 jumping spiders (Crypt:3)
  Prince Ribbit (Bailey)
  2 ettin zombies (Crypt:3)
  A tarantella zombie (Crypt:1)
  13 snapping turtles
  11 dream sheep
  Sigmund (D:5)
  114 slime creatures
  An ettin skeleton (Crypt:2)
  9 water elementals
  2 air elementals (Elf:1)
  7 wyverns
  A culicivora (Vaults:4)
  11 wraiths
  48 yaks
  A yak (shapeshifter) (D:15)
  2 fire elementals (Snake:3)
  7 ushabtiu (Tomb:1)
  6 wargs
  2 vampire mosquitoes (D:11)
  2 fire bats (Volcano)
  7 golden eyes
  9 humans (Bailey)
  7 basilisks
  5 redbacks
  3 steam dragons
  8 water moccasins
  54 nagas
  2 merfolk zombies
  4 spectral cane toads (Lair:5)
  4 acid dragons
  4 hell hounds
  39 orc warriors
  A black bear (shapeshifter) (D:13)
  2 black bears
  4 sky beasts
  An elephant zombie (Lair:5)
  An ice beast (D:8)
  14 centaurs
  19 laughing skulls
  14 ogres
  3 wolves (Lair:5)
  16 boggarts
  3 elephant skeletons (Lair:5)
  2 brain worms (Sewer)
  A phantom (D:4)
  2 kobold brigands (Sewer)
  A vine stalker zombie (Crypt:2)
  A fire crab zombie (Crypt:1)
  A wyvern zombie (Crypt:1)
  6 earth elementals
  24 bullfrogs
  2 gnoll sergeants
  A draconian zombie (Crypt:2)
  A cane toad simulacrum (Lair:5)
  3 scorpions
  25 wights
  7 wyvern skeletons (Crypt:3)
  4 spriggan zombies
  2 killer bees (D:9)
  2 elephant simulacra (Lair:5)
  A troll zombie (Crypt:2)
  4 howler monkeys
  A crimson imp (D:8)
  6 lava snakes (Volcano)
  31 orc priests
  2 bombardier beetles
  2 hounds (D:7)
  Natasha (thrice) (D:3)
  2 gnoll boudas
  4 iguanas
  7 hell rats (Lair:3)
  Ijyb (D:5)
  25 orc wizards
  A tengu zombie (Crypt:1)
  A hound zombie (Crypt:1)
  15 mummies
  21 gnolls
  3 river rats (Sewer)
  11 adders
  4 ufetubi
  A lava snake skeleton (Crypt:1)
  A dart slug (D:2)
  A ribbon worm (shapeshifter) (Elf:3)
  5 ribbon worms
  87 orcs
  A bat (D:2)
  9 endoplasms
  4 giant cockroaches
  19 goblins
  4 hobgoblins
  16 jackals
  9 quokkas
  15 ball pythons
  7 frilled lizards
  8 kobolds
  10 rats
  A rat skeleton (Crypt:2)
  A butterfly (Lair:1)
  3 fire vortices
2065 creatures vanquished.

Vanquished Creatures (collateral kills)
  An acid blob (Slime:5)
  A rockslime (Slime:4)
  An azure jelly (Slime:5)
  A quicksilver ooze (Slime:5)
  A shining eye (Slime:5)
  A slime creature (Slime:5)
  2 killer bees (D:9)
8 creatures vanquished.

Vanquished Creatures (others)
  A peacekeeper (Vaults:3)
  A deep elf pyromancer (Elf:3)
  A naga mage (Snake:4)
  An adder (D:5)
  72 fire vortices
  4 tentacles (Shoals:4)
80 creatures vanquished.

Grand Total: 2153 creatures vanquished

Notes
Turn   | Place    | Note
-------+----------+-------------------------------------------
     0 | D:5      | petzl the Formicid Delver began the quest for the Orb.
     0 | D:5      | Reached XP level 1. HP: 18/18 MP: 1/1
    51 | D:6      | Noticed a sky beast
    51 | D:6      | Noticed a sky beast
    90 | D:5      | Reached skill level 1 in Spellcasting
    90 | D:5      | Reached XP level 2. HP: 6/24 MP: 1/4
   211 | D:5      | You fall into a shaft and drop 2 floors!
   574 | D:7      | Noticed a wight
   574 | D:7      | Noticed a wight
   574 | D:7      | Noticed a wight
   574 | D:7      | Noticed a wight
   583 | D:5      | Reached XP level 3. HP: 18/29 MP: 6/6
   785 | D:4      | Noticed a scorpion
   893 | D:4      | Reached skill level 1 in Ranged Weapons
   945 | D:2      | Reached XP level 4. HP: 35/35 MP: 6/8
  1166 | D:3      | Found a glowing drain.
  1170 | Sewer    | Entered a sewer
  1307 | Sewer    | Reached XP level 5. HP: 25/41 MP: 9/9
  1407 | Sewer    | Noticed a kobold brigand
  1413 | Sewer    | Killed a kobold brigand
  1510 | Sewer    | Reached XP level 6. HP: 47/47 MP: 10/12
  1518 | Sewer    | Learned a level 5 spell: Arcjolt
  1603 | Sewer    | Reached skill level 1 in Armour
  1711 | Sewer    | Reached skill level 1 in Conjurations
  1711 | Sewer    | Reached XP level 7. HP: 53/53 MP: 13/13
  3663 | D:3      | Noticed Natasha
  3675 | D:3      | Killed Natasha
  3910 | D:3      | Noticed Natasha
  3914 | D:3      | Killed Natasha
  4235 | D:3      | Noticed Natasha
  4245 | D:3      | Killed Natasha
  4287 | D:3      | Found a faded altar of an unknown god.
  4459 | D:4      | Found Athrumn's Fire Supplies.
  4661 | D:4      | Reached XP level 8. HP: 31/60 MP: 15/15
  4952 | D:4      | Learned a level 3 spell: Mephitic Cloud
  5152 | D:4      | Reached skill level 2 in Conjurations
  5230 | D:4      | Reached skill level 1 in Alchemy
  5718 | D:5      | Found a staircase to the Ecumenical Temple.
  5727 | Temple   | Entered the Ecumenical Temple
  5794 | Temple   | Became a worshipper of Vehumet
  5910 | D:6      | Reached skill level 1 in Air Magic
  5949 | D:6      | Reached skill level 5 in Spellcasting
  6096 | D:5      | Noticed Sigmund
  6153 | D:5      | Noticed Ijyb
  6173 | D:5      | Killed Ijyb
  6485 | D:5      | Reached skill level 3 in Conjurations
  6485 | D:5      | Reached XP level 9. HP: 50/67 MP: 16/16
  6679 | D:5      | Reached * piety under Vehumet
  6679 | D:5      | Offered knowledge of Sandblast by Vehumet.
  7213 | D:6      | Reached skill level 5 in Fighting
  7625 | D:7      | Reached skill level 1 in Axes
  7700 | D:8      | Identified the +0 leather armour "Efothik" {Str+2 Dex+3}
  7810 | D:8      | Found a shadowy altar of Dithmenos.
  7820 | D:8      | Noticed Joseph
  7833 | D:8      | Noticed Gastronok
  7888 | D:8      | Found a flagged portal.
  7993 | Bailey   | Entered a bailey
  8002 | Bailey   | Learned a level 5 spell: Freezing Cloud
  8141 | Bailey   | Reached skill level 4 in Conjurations
  8141 | Bailey   | Reached skill level 5 in Alchemy
  8153 | Bailey   | Reached XP level 10. HP: 46/74 MP: 12/18
  8180 | Bailey   | Reached skill level 5 in Ranged Weapons
  8379 | Bailey   | Noticed Prince Ribbit
  8390 | Bailey   | Reached skill level 5 in Conjurations
  8391 | Bailey   | Reached ** piety under Vehumet
  8391 | Bailey   | Offered knowledge of Scorch by Vehumet.
  8393 | Bailey   | Killed Prince Ribbit
  8394 | Bailey   | Noticed a vault guard
  8429 | Bailey   | Killed a vault guard
  8576 | Bailey   | Noticed a vault guard
  8587 | Bailey   | Killed a vault guard
  8588 | Bailey   | Reached XP level 11. HP: 81/81 MP: 14/20
  9018 | D:7      | Reached skill level 6 in Conjurations
  9033 | D:7      | Reached skill level 5 in Air Magic
  9113 | D:7      | Reached skill level 5 in Dodging
  9311 | D:8      | Noticed Pikel
  9656 | D:8      | Learned a level 4 spell: Iskenderun's Mystic Blast
  9744 | D:8      | Found a burning altar of Makhleb.
  9853 | D:8      | Killed Pikel
  9854 | D:8      | Reached skill level 1 in Translocations
  9854 | D:8      | Reached skill level 1 in Ice Magic
  9934 | D:8      | Killed Joseph
 10089 | D:8      | Noticed Erica
 10235 | D:9      | Found a snail-covered altar of Cheibriados.
 10294 | D:10     | Entered Level 10 of the Dungeon
 10623 | D:9      | Reached skill level 7 in Conjurations
 10765 | D:9      | Offered knowledge of Volatile Blastmotes by Vehumet.
 10866 | D:9      | Found a glowing silver altar of Zin.
 11371 | D:8      | Killed Erica
 11534 | D:10     | Noticed Maggie
 11555 | D:10     | Killed Maggie
 11611 | D:10     | Found a hide-covered altar of Uskayaw.
 11650 | D:10     | Noticed a two-headed ogre
 11658 | D:10     | Killed a two-headed ogre
 11701 | D:10     | Noticed a red ugly thing
 12216 | D:10     | Reached *** piety under Vehumet
 12224 | D:10     | Reached skill level 1 in Long Blades
 12224 | D:10     | Reached XP level 12. HP: 66/89 MP: 20/23
 12550 | D:10     | Noticed Harold
 12579 | D:10     | Killed Harold
 12640 | D:10     | Identified a scroll of acquirement
 12768 | D:10     | Offered knowledge of Dazzling Flash by Vehumet.
 12769 | D:10     | Reached skill level 8 in Conjurations
 12869 | D:10     | Noticed an arcanist
 12874 | D:10     | Killed an arcanist
 12892 | D:10     | Found the +9 staff of Olgreb {rPois∞}
 12950 | D:10     | Noticed an arcanist
 12964 | D:10     | Killed an arcanist
 12965 | D:10     | Reached skill level 1 in Shields
 12965 | D:10     | Reached skill level 5 in Ice Magic
 13746 | D:4      | Bought the Codex of the Coals for 460 gold pieces
 13751 | D:4      | Learned a level 4 spell: Sticky Flame
 13757 | D:4      | Learned a level 5 spell: Fireball
 13763 | D:4      | Learned a level 4 spell: Ignite Poison
 13846 | D:5      | Killed Sigmund
 14111 | D:8      | Killed Gastronok
 14112 | D:8      | Reached skill level 5 in Translocations
 14546 | D:11     | Found a staircase to the Lair.
 14646 | D:11     | Reached XP level 13. HP: 96/96 MP: 16/25
 14675 | D:11     | Gained mutation: You are frail. (-10% HP) [potion of
                  | mutation]
 14675 | D:11     | Gained mutation: You are dopey. (Int -2) [potion of
                  | mutation]
 14675 | D:11     | Gained mutation: Your body sometimes deteriorates upon
                  | taking damage. [potion of mutation]
 14675 | D:11     | Gained mutation: You are partially covered in iridescent
                  | scales. (AC +2) [potion of mutation]
 15698 | D:12     | Reached skill level 1 in Fire Magic
 16193 | D:4      | Bought a +2 leather armour of fire resistance for 190 gold
                  | pieces
 17056 | D:12     | Found a runed translucent door.
 17056 | D:12     | Noticed D0namaru's ghost (journeyman DsNe)
 17124 | D:12     | Reached **** piety under Vehumet
 17143 | D:12     | Offered knowledge of Frozen Ramparts by Vehumet.
 17267 | D:12     | Found a staircase to the Orcish Mines.
 17711 | Orc:1    | Entered Level 1 of the Orcish Mines
 18705 | Orc:1    | Found a roughly hewn altar of Beogh.
 18832 | Orc:2    | Entered Level 2 of the Orcish Mines
 18832 | Orc:2    | Found a staircase to the Elven Halls.
 18833 | Orc:2    | Reached ***** piety under Vehumet
 18835 | Orc:2    | Offered knowledge of Fulminant Prism by Vehumet.
 18839 | Orc:2    | Noticed an ettin
 19073 | Orc:2    | Killed an ettin
 19074 | Orc:2    | Reached skill level 5 in Armour
 19896 | Orc:2    | Reached XP level 14. HP: 95/95 MP: 4/26
 20286 | Orc:2    | Found Amesch's Gadget Gallery.
 20310 | Orc:1    | Reached skill level 5 in Shields
 20710 | Orc:2    | Noticed an orc warlord
 20740 | Orc:2    | Killed an orc warlord
 21221 | Orc:2    | Offered knowledge of Eringya's Noxious Bog by Vehumet.
 21442 | Orc:2    | Found a roughly hewn altar of Beogh.
 21701 | Orc:2    | Found Kuozam's Antique Armour Shop.
 21702 | Orc:2    | Found Dionn's Antique Weapon Boutique.
 21704 | Orc:2    | Found Adaec's General Store.
 21704 | Orc:2    | Found Wiageani's Book Shop.
 21709 | Orc:2    | Bought a scroll of identify for 28 gold pieces
 21887 | Elf:1    | Entered Level 1 of the Elven Halls
 21887 | Elf:1    | Noticed a deep elf demonologist
 21889 | Elf:1    | Noticed a cacodemon
 21890 | Orc:2    | Acquired 324 gold pieces
 21975 | Orc:2    | Bought a book of the Spheres for 832 gold pieces
 21991 | Orc:2    | Bought a smoking arbalest for 171 gold pieces
 21991 | Orc:2    | Identified the +4 arbalest of Luque {heavy, ^Fragile rElec
                  | rF+ rN+++} (You bought it in a shop on level 2 of the
                  | Orcish Mines)
 22167 | Lair:1   | Entered Level 1 of the Lair of Beasts
 22217 | Lair:1   | Reached skill level 9 in Conjurations
 22952 | Lair:1   | Found a hide-covered altar of Uskayaw.
 23613 | Lair:1   | Identified the amulet of Kemaph {Reflect Int+3 SH+5}
 24882 | Lair:3   | Reached skill level 5 in Fire Magic
 24986 | Lair:3   | Found a staircase to the Shoals.
 24996 | Lair:3   | Reached skill level 10 in Fighting
 25172 | Lair:2   | Reached XP level 15. HP: 84/103 MP: 12/28
 25502 | Lair:3   | Found a staircase to the Snake Pit.
 25643 | Lair:3   | Offered knowledge of Bombard by Vehumet.
 26532 | Lair:4   | Found a dark tunnel.
 26570 | Volcano  | Entered a volcano
 26891 | Volcano  | Learned a level 7 spell: Orb of Destruction
 26894 | Volcano  | Found a bloodstained altar of Trog.
 27389 | Volcano  | Identified the +0 chain mail of Classification {*Slow Str+6
                  | Dex+3}
 28611 | Lair:5   | Entered Level 5 of the Lair of Beasts
 28919 | Lair:5   | Found a staircase to the Slime Pits.
 28971 | Lair:5   | Reached skill level 10 in Spellcasting
 29217 | Lair:5   | Reached skill level 10 in Conjurations
 29650 | Lair:5   | Offered knowledge of Permafrost Eruption by Vehumet.
 30039 | Lair:5   | Reached XP level 16. HP: 92/111 MP: 1/30
 32201 | Lair:5   | Reached skill level 11 in Conjurations
 33160 | Lair:5   | Found a staircase to the Slime Pits.
 34448 | D:13     | Identified the +6 chain mail "Memuos" {SInv}
 34490 | D:13     | Found Adaasi's Antique Armour Boutique.
 34506 | D:13     | Bought a shiny buckler for 270 gold pieces
 34961 | D:13     | Reached skill level 12 in Conjurations
 35140 | D:13     | Found a gate to the Vaults.
 36393 | D:15     | Entered Level 15 of the Dungeon
 36804 | D:15     | Reached skill level 13 in Conjurations
 36991 | D:15     | Identified the +0 ring mail "Gerghoo" {rC+}
 37047 | D:15     | Offered knowledge of Plasma Beam by Vehumet.
 37549 | D:15     | Reached XP level 17. HP: 114/115 MP: 10/31
 37756 | D:15     | Found a staircase to the Depths.
 37805 | D:15     | Found an opulent altar of Gozag.
 38044 | Depths:1 | Entered Level 1 of the Depths
 38285 | D:12     | You are sucked into a shaft and drop 2 floors!
 38394 | D:12     | Killed D0namaru's ghost
 38493 | Shoals:1 | Entered Level 1 of the Shoals
 39049 | Shoals:1 | Identified the +7 rapier "Huseron" {drain, Int+2}
 39312 | Shoals:2 | Noticed Polyphemus
 39312 | Shoals:2 | Found Capteper's Island Escapes.
 40029 | Shoals:3 | Noticed HilariousDeathArtist's ghost (adept MDIE)
 40487 | Shoals:4 | Entered Level 4 of the Shoals
 40908 | Shoals:3 | Found a runed translucent gate.
 40908 | Shoals:3 | Found a runed translucent gate.
 40908 | Shoals:3 | Found a runed translucent gate.
 41291 | Shoals:4 | Noticed Nikola
 41301 | Shoals:4 | Killed Nikola
 41444 | Shoals:2 | Noticed Louise
 41736 | Shoals:2 | Noticed Roxanne
 41888 | Shoals:2 | Killed Roxanne
 41947 | Shoals:2 | Offered knowledge of Lee's Rapid Deconstruction by Vehumet.
 42263 | Shoals:4 | Found a runed translucent gate.
 42281 | Shoals:3 | Learned a level 4 spell: Passage of Golubria
 42345 | Shoals:4 | Found a runed translucent gate.
 42550 | Shoals:4 | Reached XP level 18. HP: 102/126 MP: 8/34
 43189 | Shoals:4 | Found a runed translucent gate.
 43746 | Shoals:4 | Got a barnacled rune of Zot
 44956 | Shoals:4 | Found an opulent altar of Gozag.
 44956 | Shoals:4 | Found Daoxuboj's Assorted Antiques.
 44957 | Shoals:4 | Noticed Phlounder's ghost (adept DsCj)
 44958 | Shoals:4 | Found Cuelam's Assorted Antiques.
 45277 | Snake:1  | Entered Level 1 of the Snake Pit
 45770 | Snake:1  | Offered knowledge of Ignition by Vehumet.
 45800 | Snake:1  | Found a radiant altar of Vehumet.
 45923 | Snake:1  | Reached skill level 10 in Shields
 46384 | Snake:1  | Found Maqen's Book Boutique.
 46384 | Snake:1  | Found Aghuqug's Jewellery Shoppe.
 46385 | Snake:1  | Found Alyni's Jewellery Shoppe.
 46622 | Snake:2  | Reached skill level 14 in Conjurations
 47007 | Snake:2  | Identified the serpent talisman of Weightlessness {Dex+2}
 47007 | Snake:2  | Noticed Aizul
 47015 | Snake:2  | Killed Aizul
 47838 | Snake:3  | Noticed Azrael
 47846 | Snake:3  | Killed Azrael
 48216 | Snake:3  | Reached XP level 19. HP: 133/133 MP: 31/35
 48521 | Snake:4  | Entered Level 4 of the Snake Pit
 49481 | Snake:3  | Noticed Bai Suzhen
 49839 | Snake:3  | Reached skill level 10 in Translocations
 50409 | Snake:4  | Reached skill level 15 in Conjurations
 51068 | Snake:4  | Found Anuut's General Store.
 51070 | Snake:4  | Found Sarar's Armour Emporium.
 51072 | Snake:4  | Found Quaffuf's Distillery.
 52882 | Snake:4  | Reached ****** piety under Vehumet
 52882 | Snake:4  | Offered knowledge of Lehudib's Crystal Spear by Vehumet.
 52882 | Snake:4  | Offered knowledge of Fire Storm by Vehumet.
 52882 | Snake:4  | Offered knowledge of Chain Lightning by Vehumet.
 53147 | Snake:4  | Reached XP level 20. HP: 142/142 MP: 34/37
 53427 | Snake:4  | Got a serpentine rune of Zot
 53601 | Snake:1  | Bought the ring "Leup" {rF+ Will+ Dex+2} for 543 gold
                  | pieces
 53866 | Elf:1    | Noticed a Brimstone Fiend
 53866 | Elf:1    | Noticed a Tzitzimitl
 54268 | Elf:1    | Identified the +2 helmet "Juozeg" {Rampage Will- Str+3}
 54346 | Elf:3    | Entered Level 3 of the Elven Halls
 54356 | Elf:3    | Reached skill level 16 in Conjurations
 55011 | Elf:1    | Noticed Zenata
 56358 | Elf:1    | Found a hide-covered altar of Uskayaw.
 56515 | Elf:1    | Identified the +10 hand axe of the Magi {freeze, rF+ Str+4}
 56616 | Elf:1    | Killed Zenata
 57961 | Elf:2    | Found a runed translucent gate.
 57961 | Elf:2    | Found a runed translucent gate.
 57961 | Elf:2    | Found a runed translucent gate.
 58150 | Elf:3    | Reached XP level 21. HP: 131/148 MP: 34/39
 58883 | Elf:3    | Found Ereu's Tremendous Tomes.
 59535 | Elf:3    | Identified the +9 glaive "Biahoud" {drain, rN+ rCorr MP+9}
 59535 | Elf:3    | Identified the ring "Nythraonk" {rPois rC+ MP+9}
 59537 | Elf:3    | Identified the +3 leather armour "Dyfun" {^Drain rF+ Int+3
                  | Dex+2}
 60064 | Elf:3    | Identified the +11 quarterstaff "Paxur" {drain, Will++
                  | rCorr Dex+2}
 60064 | Elf:3    | Identified the +5 leather armour of Inference {-Tele Harm
                  | rElec rPois}
 60137 | Elf:3    | Identified the amulet "Unufosiv" {rElec Regen+ rCorr SInv}
 60161 | Elf:3    | Identified the +4 buckler of the Earth {rC+}
 60194 | Elf:3    | Reached skill level 10 in Fire Magic
 60404 | Elf:3    | Identified the +0 quarterstaff "Faenkyh" {venom, *Slow
                  | Dex+6 SInv}
 60854 | Elf:3    | Identified the staff of Grandeur {rN+ MP+9 Str+4 Necro}
 60910 | Elf:3    | Got the Compendium of Red Hypothermia
 61441 | Elf:2    | Reached skill level 17 in Conjurations
 61588 | Elf:2    | Noticed Jorgrun
 61591 | Elf:2    | Killed Jorgrun
 61889 | Elf:2    | You are sucked into a shaft and drop 1 floor!
 62627 | D:13     | Learned a level 9 spell: Fire Storm
 62734 | Vaults:1 | Entered Level 1 of the Vaults
 63787 | Vaults:1 | Reached XP level 22. HP: 154/154 MP: 39/40
 64568 | Vaults:1 | Noticed Donald
 64582 | Vaults:1 | Killed Donald
 64715 | Vaults:1 | Identified the +3 chain mail of Mumblety Peg {+Inv}
 66017 | Vaults:2 | Found Qaheff's Antique Weapon Emporium.
 66096 | Vaults:2 | Bought a crude quarterstaff for 189 gold pieces
 66096 | Vaults:2 | Identified the +4 quarterstaff of Jinwaff {freeze, Fly
                  | Int-2 SInv Stlth+} (You bought it in a shop on level 2 of
                  | the Vaults)
 66127 | Vaults:2 | Found a staircase to the Crypt.
 66137 | Vaults:3 | Found Fumistax's Weapon Boutique.
 66624 | Vaults:2 | Found a runed translucent door.
 67165 | Vaults:2 | Identified the +0 robe "Putock" {Int-3 Dex+2 Archmagi}
 67686 | Vaults:2 | Noticed Zuiczola's ghost (adept DrAl)
 68311 | Vaults:3 | Reached XP level 23. HP: 96/160 MP: 26/41
 68489 | Vaults:3 | Reached skill level 1 in Evocations
 68797 | Vaults:3 | Found Ezieroy's General Store.
 68809 | Vaults:3 | Bought a potion of cancellation for 152 gold pieces
 68811 | Vaults:3 | Reached skill level 18 in Conjurations
 68858 | Vaults:3 | Found Doup's Magic Scroll Shop.
 68863 | Vaults:3 | Bought a scroll of enchant armour for 127 gold pieces
 68863 | Vaults:3 | Bought a scroll of enchant armour for 127 gold pieces
 68894 | Vaults:3 | Found Hitokugru's Magic Scroll Shop.
 68898 | Vaults:3 | Bought a scroll of butterflies for 56 gold pieces
 68898 | Vaults:3 | Bought a scroll of poison for 56 gold pieces
 69210 | Vaults:3 | Found Ryxzal's Magic Scroll Boutique.
 69226 | Vaults:3 | Bought a scroll of butterflies for 44 gold pieces
 69226 | Vaults:3 | Bought a scroll of poison for 44 gold pieces
 69575 | Vaults:3 | Found a runed translucent door.
 69575 | Vaults:3 | Noticed Qoas's ghost (adept GnCA)
 69615 | Vaults:3 | Killed Qoas's ghost
 69919 | Vaults:3 | Got the Precepts of Tempestuous Pyromania
 71242 | Vaults:4 | Reached skill level 10 in Armour
 71369 | Vaults:4 | Reached skill level 15 in Shields
 71545 | Vaults:4 | Noticed Sojobo
 71570 | Vaults:4 | Killed Sojobo
 71971 | Vaults:2 | Killed Zuiczola's ghost
 72453 | Vaults:4 | Identified the +8 quarterstaff of Propriety {protect,
                  | Dex+5}
 73168 | Crypt:1  | Entered Level 1 of the Crypt
 73175 | Crypt:1  | Reached skill level 15 in Spellcasting
 73646 | Crypt:2  | Reached XP level 24. HP: 159/166 MP: 39/42
 73861 | Crypt:2  | Noticed a royal mummy
 75210 | Crypt:1  | Reached skill level 10 in Dodging
 75341 | Crypt:2  | Noticed Khufu
 76340 | Crypt:1  | You are sucked into a shaft and drop 1 floor!
 76712 | Crypt:2  | Noticed an ancient lich
 76715 | Crypt:2  | You are sucked into a shaft and drop 1 floor!
 76715 | Crypt:3  | Entered Level 3 of the Crypt
 76717 | Crypt:3  | Noticed Mennas
 77307 | Crypt:1  | Identified the +5 battleaxe "Quimmen" {flame, *Noise Will+
                  | Stlth+}
 77307 | Crypt:1  | Noticed a royal mummy
 77316 | Crypt:1  | Killed a royal mummy
 77429 | Crypt:1  | Reached skill level 19 in Conjurations
 77607 | Crypt:1  | Learned a level 2 spell: Sublimation of Blood
 77663 | Crypt:2  | Killed an ancient lich
 77664 | Crypt:2  | Reached skill level 1 in Necromancy
 78182 | Crypt:2  | Killed a royal mummy
 78406 | Crypt:2  | Killed Khufu
 78558 | Crypt:2  | Identified the +11 chain mail of Kuutwofo {rN+ Will+
                  | Stlth-}
 79887 | Crypt:3  | Identified the +8 glaive "Leirafei" {flame, Dex+4 Stlth+}
 79889 | Crypt:3  | Got Kikubaaqudgha's Tome of the Graveyard
 79890 | Crypt:3  | Identified the staff "Cesek" {rC+ rN+ Will+ Dex+3 Ice}
 80069 | Crypt:3  | Identified the ring "Qupp" {rN++ Int+2 SInv}
 80069 | Crypt:3  | Identified the ring of Law {rElec rF+ rN++}
 80524 | Crypt:3  | Killed Mennas
 80728 | Crypt:3  | Reached skill level 15 in Fire Magic
 80758 | Crypt:3  | Reached skill level 5 in Necromancy
 81342 | Crypt:3  | Reached XP level 25. HP: 152/171 MP: 42/42
 81680 | Crypt:3  | Found a staircase to the Tomb.
 81690 | Tomb:1   | Entered Level 1 of the Tomb of the Ancients
 82914 | Tomb:1   | Noticed a royal mummy
 83185 | Tomb:1   | Noticed a royal mummy
 83378 | Tomb:1   | Killed a royal mummy
 84582 | Tomb:1   | Noticed a royal mummy
 84588 | Tomb:1   | Killed a royal mummy
 84724 | Tomb:1   | Killed a royal mummy
 85202 | Crypt:3  | Found the +13 sword of the Doom Knight {doom -Cast ^Drain
                  | Will+}
 85536 | Crypt:3  | Found a basalt altar of Yredelemnul.
 87941 | Slime:1  | Entered Level 1 of the Pits of Slime
 88482 | Slime:2  | Gained mutation: You occasionally lose the ability to drink
                  | potions when taking damage. [a shining eye]
 88485 | Slime:2  | Gained mutation: You are very dopey. (Int -4) [a shining
                  | eye]
 88757 | D:13     | Lost mutation: You are frail. (-10% HP) [potion of
                  | mutation]
 88757 | D:13     | Lost mutation: Your body sometimes deteriorates upon taking
                  | damage. [potion of mutation]
 88757 | D:13     | Lost mutation: You occasionally lose the ability to drink
                  | potions when taking damage. [potion of mutation]
 88757 | D:13     | Gained mutation: You passively map a small area around you.
                  | [potion of mutation]
 88757 | D:13     | Gained mutation: You are strong-willed. (Will+) [potion of
                  | mutation]
 88757 | D:13     | Gained mutation: You are mostly covered in iridescent
                  | scales. (AC +4) [potion of mutation]
 90242 | Slime:5  | Entered Level 5 of the Pits of Slime
 90274 | Slime:4  | Gained mutation: Your magical capacity is low. (-10% MP) [a
                  | shining eye]
 90754 | Slime:4  | Reached XP level 26. HP: 144/198 MP: 26/39
 91561 | Slime:5  | Found the +6 arbalest "Damnation" {damnation}
 92181 | Slime:5  | Noticed the Royal Jelly
 92185 | Slime:5  | Killed the Royal Jelly
 92731 | Slime:5  | Found the +8 whip "Snakebite" {venom, curare, rPois}
 92962 | Slime:5  | Got a slimy rune of Zot
 92973 | Slime:5  | Identified the +5 falchion of Truncation {drain, rElec rN+}
 93171 | Slime:5  | Identified the +6 morningstar of Shrieking Terror {heavy,
                  | rElec rPois Str-3 Int+2}
 93551 | Slime:5  | Identified the +0 sling of the New World {freeze, rN+ Str+5
                  | Dex+3}
 94117 | Slime:3  | Gained mutation: You are frail. (-10% HP) [a shining eye]
 94119 | Slime:3  | Gained mutation: Your health recovers twice as slowly from
                  | being drained. [a shining eye]
 94121 | Slime:3  | Gained mutation: Armour fits poorly on your strangely
                  | shaped body. [a shining eye]
 94122 | Slime:3  | You are sucked into a shaft and drop 1 floor!
 94304 | Slime:3  | Gained mutation: You are clumsy. (Dex -2) [mutagenic glow]
 94313 | Slime:3  | Mangled by a rockslime

Illustrated notes

Levels and vault maps discovered:
D:1:      evilmike_arrival_crescent, layout_rooms, minivault_19,
          dreamdust_mushroom_princess, kennysheep_small_spiral
D:2:      minmay_door_path, layout_basic
D:3:      layout_basic, hellmonk_ecumenical_altar_leap_of_faith,
          gup_sewer_entry_spiral, uniq_natasha
D:4:      layout_basic, roderic_roman_lattice, grunt_ministairs_15,
          nicolae_shop_fire_sale [nicolae_sub_dead_trees],
          kennysheep_generic_room_9
D:5:      layout_gridville, minmay_temple_entry_trees, minmay_ogre_servants,
          uniq_ijyb, uniq_sigmund
D:6:      layout_basic, hangedman_abyss_or_decor_stagger
D:7:      layout_basic
D:8:      layout_loops_cross, makhleb_grotto_becter,
          nicolae_dithmenos_shadow_blocks, enter_bailey_5, uniq_joseph,
          uniq_erica, uniq_pikel, uniq_gastronok
D:9:      layout_basic, nicolae_overflow_crystal_walls, zin_scriptorium
D:10:     cheibrodos_breeding_chamber, layout_basic,
          mainiacjoe_overflow_24_doors, kennysheep_generic_room_16, uniq_harold,
          uniq_maggie
D:11:     layout_basic, dpeg_oklobed_lair
D:12:     layout_basic, david_orc_4, gammafunk_ghost_grave
D:13:     layout_small_grid, skrybe_vaults_entry_preservation, serial_shops,
          nicolae_shop_scrapyard
D:14:     layout_gridville, roderic_lattice_octagonal_star
D:15:     grunt_enter_depths_hoard, layout_rooms, old_standard_altar
Temple:   minmay_crystal_spiral_temple
Lair:1:   layout_cave_pods, basic_altar, cheibrodos_lair_lostbears,
          lemuel_fruit_fields, grunt_megastairs_5
Lair:2:   layout_roguey
Lair:3:   layout_small_grid, nicolae_shoals_entry_roost,
          minmay_snake_entry_guardpost_small
Lair:4:   layout_long_grid, enter_volcano_3, hibernation_bobbens,
          lemuel_fruit_tree
Lair:5:   due_jungle_book, layout_gridlike, dpeg_slime_entry_corner
Shoals:1: layout_shoals, nicolae_shoals_drake_roost
Shoals:2: layout_shoals, gammafunk_ghost_tricky_traps, nicolae_island_escapes,
          uniq_roxanne, uniq_polyphemus, uniq_louise
Shoals:3: layout_shoals, gammafunk_ghost_split
Shoals:4: shoals_end_grunt_ice, layout_shoals, ebering_ghost_gozag, uniq_nikola
Snake:1:  layout_misc_corridors, basic_altar, grunt_megastairs_4,
          minmay_shop_grove
Snake:2:  layout_onion, nicolae_large_snake_swirl, uniq_aizul
Snake:3:  layout_chambers, st_stairs_14, nicolae_snake_snakewalk,
          grunt_megastairs_2, uniq_azrael, uniq_bai_suzhen
Snake:4:  johnstein_snake_rune_scales, layout_gridlike, st_stairs_11,
          grunt_megastairs_3, serial_bayou_shore_a, minmay_shop_star
Slime:1:  nicolae_slime_pool, layout_caves
Slime:2:  layout_caves
Slime:3:  layout_caves
Slime:4:  layout_caves, nicolae_slime_rock_hall_of_fame
Slime:5:  slime_pit_nicolae_inversion
Orc:1:    layout_caves, minmay_orc_temple_c
Orc:2:    st_orc_congregation, layout_diamond_mine, basic_altar,
          nicolae_shop_gadgets
Elf:1:    minmay_elf_arrival_circle, layout_geoelf_octagon, serial_glass,
          glass_columns_b, glass_columns_b, nicolae_elf_altarnating,
          st_stairs_14, uniq_zenata
Elf:2:    nicolae_elf_blades_splatter_lattice [nicolae_blade_bullseye],
          layout_gridlike, uniq_jorgrun
Elf:3:    minmay_elf_hall_curves, layout_gridlike, nicolae_shop_i_like_big_books
Vaults:1: nicolae_vaults_apartment_1, vaults_room_grunt_arrival_ludios,
          hangedman_vaults_stretched_pinwheel, v_rooms_2,
          ontoclasm_vaults_tryst, nicolae_vaults_storage_closets_2,
          nicolae_vaults_network_periphery, vaults_dpeg_emergency_exit,
          layout_vaults_omnigrid, uniq_donald
Vaults:2: ebering_ghost_reflecting_pool, grunt_vaults_trifunnel,
          nicolae_vaults_apartment_2, v_misc_3, nicolae_vaults_network_star,
          v_misc_31, nicolae_vaults_what_the_h, ontoclasm_vaults_fault,
          vaults_room_pool, layout_vaults_chaotic_city, serial_shops,
          nicolae_shop_pleasant_corner_grove
Vaults:3: ebering_ghost_inner_flame, ontoclasm_vaults_decontamination,
          nicolae_vaults_door_testing_chamber, v_rooms_3,
          nicolae_vaults_storage_closets_1, nicolae_vaults_tetromino_L_1,
          nicolae_vaults_trapezoid_lopsided_4, nicolae_vaults_tetromino_Z_2,
          v_misc_19, nicolae_vaults_closet_pinwheel_5,
          nicolae_vaults_more_shelving_1, ontoclasm_vaults_eye,
          layout_vaults_ring, serial_shops, nicolae_shop_back_alley_shop,
          nicolae_shop_tiny_glass, shop, nicolae_shop_pleasant_corner_grove,
          nicolae_shop_bloodbath_and_beyond
Vaults:4: nicolae_vaults_diamond_1, v_alt_pattern_6,
          nicolae_vaults_heart-shaped_vault, hangedman_vaults_stitches,
          v_pattern_2, nicolae_vaults_heist,
          vaults_room_grunt_arrival_checkpoint, ontoclasm_vaults_bender,
          nicolae_vaults_storage_room_water,
          nicolae_vaults_shipping_containers_1, layout_vaults_big_cross,
          uniq_sojobo
Crypt:1:  lemuel_minitomb, layout_gridlike, grunt_ministairs_1
Crypt:2:  layout_rooms, nicolae_crypt_wrong_turn, uniq_margery, uniq_khufu
Crypt:3:  evilmike_haunted_forest, uniq_mennas
Tomb:1
Depths:1: minmay_guarded_unrand_sceptre_of_torment, layout_gridlike,
          grunt_mini_vestibule, hangedman_abyss_or_decor_slice,
          evilmike_butchery

Skill      XL: |  1  2  3  4  5  6  7  8  9 10 11 12 13 14 15 16 17 18 19 20 21 22 23 24 25 26 |
---------------+-------------------------------------------------------------------------------+-----
Spellcasting   | 1 2 3 4 5 6 7 8 9 10 12 13 14 15 17 | 17.6
Ranged Weapons | 1 2 3 4 5 6 7 |  7.1
Dodging        | 2 3 4 5 6 7 8 9 10 | 10.2
Armour         | 1 2 3 5 6 7 8 9 10 11 | 11.1
Conjurations   | 1 3 4 5 7 8 9 10 13 14 15 16 17 18 19 | 19.0
Fighting       | 4 5 6 7 8 10 11 12 13 14 | 14.0
Alchemy        | 3 5 6 |  6.0
Air Magic      | 1 3 4 5 6 |  6.0
Axes           | 2 3 |  3.7
Translocations | 3 5 6 7 8 9 10 12 14 | 14.0
Ice Magic      | 3 5 7 8 |  8.0
Long Blades    | 1 3 |  3.0
Shields        | 2 4 6 7 8 9 10 12 13 14 15 | 15.0
Fire Magic     | 2 5 6 7 8 9 10 12 13 15 17 18 | 18.7
Stealth        | 8 9 |  9.0
Evocations     | 3 |  3.0
Necromancy     | 5 8 |  8.0
Maces & Flails | |  2.0

Action                     |  1- 3 |  4- 6 |  7- 9 | 10-12 | 13-15 | 16-18 | 19-21 | 22-24 | 25-27 || total
---------------------------+-------+-------+-------+-------+-------+-------+-------+-------+-------++-------
  Melee: Mace              |    13 |       |     3 |       |       |       |       |       |       ||    16
         War axe           |       |       |   242 |   224 |    83 |    85 |     3 |       |       ||   637
         Dagger            |       |       |     1 |       |       |       |       |       |       ||     1
         Hand axe          |       |       |       |       |       |       |     5 |       |       ||     5
         Quarterstaff      |       |       |       |       |       |       |     1 |    42 |       ||    43
   Fire: Orcbow            |     7 |       |       |       |       |       |       |       |       ||     7
         Sling             |    18 |   127 |   262 |   205 |   785 |   159 |       |       |       ||  1556
         Hand cannon       |       |       |       |       |       |   292 |   375 |   209 |       ||   876
         Arbalest          |       |       |       |       |       |       |       |   223 |   128 ||   351
  Throw: Dart              |       |       |    10 |     5 |       |     2 |       |       |       ||    17
         Throwing net      |       |       |       |     1 |     2 |       |       |       |       ||     3
   Cast: Mephitic Cloud    |       |       |     3 |    53 |     4 |     1 |       |       |       ||    61
         Freezing Cloud    |       |       |       |    30 |   280 |   245 |   228 |   108 |    17 ||   908
         Iskenderun's Myst |       |       |       |     5 |    49 |   120 |   108 |   157 |    99 ||   538
         Sticky Flame      |       |       |       |       |    67 |    32 |    20 |    69 |    20 ||   208
         Fireball          |       |       |       |       |    12 |    18 |       |    96 |    30 ||   156
         Orb of Destructio |       |       |       |       |       |    81 |   127 |   275 |   181 ||   664
         Passage of Golubr |       |       |       |       |       |     3 |    10 |    15 |    16 ||    44
         Sublimation of Bl |       |       |       |       |       |       |       |     3 |     8 ||    11
         Fire Storm        |       |       |       |       |       |       |       |       |    70 ||    70
Ability: Dig               |     3 |     1 |     3 |     5 |     2 |     5 |     6 |     1 |     7 ||    33
         Shaft Self        |     1 |       |       |       |       |     1 |     1 |     2 |     3 ||     8
  Evoke: Wand              |     2 |    18 |     6 |     6 |     3 |     7 |     6 |    20 |     4 ||    72
         Lightning rod     |       |       |       |       |       |       |     2 |     5 |       ||     7
    Use: Scroll            |     1 |     1 |     9 |     4 |     9 |     6 |     5 |     5 |     1 ||    41
         Potion            |       |     1 |       |     2 |     3 |     1 |       |     8 |    16 ||    31
   Stab: Sleeping          |     1 |       |     2 |       |     1 |       |     3 |     2 |       ||     9
         Distracted        |       |       |     1 |     1 |       |       |       |       |       ||     2
         Confused          |       |       |     3 |    14 |       |       |       |       |       ||    17
 Armour: Leather armour    |    32 |    33 |   154 |    61 |   198 |   261 |     6 |   292 |   155 ||  1192
         Acid dragon scale |       |       |       |    81 |    26 |       |       |       |       ||   107
         Scale mail        |       |       |       |       |       |    50 |   180 |       |       ||   230
  Dodge: Dodged            |   105 |    78 |   307 |   224 |   274 |   295 |    96 |   171 |   112 ||  1662
  Block: Other             |       |       |     1 |    44 |    76 |       |       |       |       ||   121
         Reflection        |       |       |       |     1 |     7 |    40 |    88 |    56 |     5 ||   197
         Buckler           |       |       |       |       |    22 |   269 |    54 |       |       ||   345
         Kite shield       |       |       |       |       |       |       |    94 |   566 |   254 ||   914

Table legend: (Time is in decaauts)
 A = Elapsed time spent in this place.
 B = Non-inter-level travel time spent in this place.
 C = Inter-level travel time spent in this place.
 D = Time resting spent in this place.
 E = Time spent auto-exploring this place.
 F = Levels seen in this place.
 G = Mean time per level.
                   A        B        C        D        E       F      G
               +--------+--------+--------+--------+--------+-----+--------+
         Total |  96316 |  89384 |   6932 |  38244 |  24169 |  51 | 1888.5 |
       Dungeon |  21862 |  18932 |   2930 |   5140 |   8099 |  15 | 1457.5 |
        Temple |    132 |      3 |    129 |      0 |      0 |   1 |  132.0 |
          Lair |  11229 |  10202 |   1027 |   3962 |   4209 |   5 | 2245.8 |
        Shoals |   6708 |   6502 |    206 |   2947 |   1660 |   4 | 1677.0 |
     Snake Pit |   8570 |   8158 |    412 |   3815 |   1604 |   4 | 2142.5 |
    Slime Pits |   6181 |   5730 |    451 |   3155 |   1215 |   5 | 1236.2 |
  Orcish Mines |   4756 |   4401 |    355 |   2178 |   1121 |   2 | 2378.0 |
   Elven Halls |   8489 |   8167 |    322 |   4469 |   1142 |   3 | 2829.7 |
        Vaults |  10853 |  10318 |    535 |   4351 |   3139 |   4 | 2713.2 |
         Crypt |  11125 |  10700 |    425 |   5841 |   1262 |   3 | 3708.3 |
          Tomb |   3495 |   3358 |    137 |   1517 |     31 |   1 | 3495.0 |
        Depths |      1 |      1 |      0 |      0 |      0 |   1 |    1.0 |
         Sewer |   1030 |   1030 |      0 |    173 |    508 |   1 | 1030.0 |
        Bailey |    837 |    837 |      0 |    406 |      4 |   1 |  837.0 |
       Volcano |   1041 |   1041 |      0 |    285 |    174 |   1 | 1041.0 |
               +--------+--------+--------+--------+--------+-----+--------+

Top non-repeatable levels by time:
 Crypt:3: 5263 daAuts
  Lair:5: 4756 daAuts
 Crypt:1: 4356 daAuts
   Elf:2: 3574 daAuts
 Snake:4: 3537 daAuts
  Tomb:1: 3495 daAuts
   Elf:3: 3204 daAuts
Vaults:1: 3134 daAuts
Vaults:3: 2895 daAuts
   Orc:2: 2825 daAuts
Vaults:2: 2752 daAuts
Shoals:4: 2729 daAuts
    D:11: 2404 daAuts
 Slime:4: 2291 daAuts
 Snake:3: 2075 daAuts
